 Dungeon Crawl Stone Soup version 0.30.1-3-gfc49f6343a (webtiles) character file.

Game seed: 6753827444548118496

256 Tirrikindir the Slasher (level 6, -4/43 HPs)
             Began as an Octopode Fighter on July 25, 2023.
             Was an Initiate of Trog.
             Slain by a black bear (8 damage)
             ... while paralysed by Ijyb
             ... on level 4 of the Dungeon.
             The game lasted 00:07:40 (2488 turns).

Tirrikindir the Slasher (Octopode Fighter)          Turns: 2488, Time: 00:07:41

Health: -4/43      AC:  1    Str: 15    XL:     6   Next: 15%
Magic:  6/6        EV:  2    Int: 10    God:    Trog [......]
Gold:   128        SH:  0    Dex: 14    Spells: 5/5 levels left

rFire   . . .        a - +0 long sword
rCold   . . .        b - +1 buckler
rNeg    . . .        (helmet restricted)
rPois   .            (no amulet)
rElec   .            f - ring of see invisible
rCorr   .            (no ring)
SInv    +            (no ring)
Will    .....        (no ring)
Stlth   +++          (no ring)
HPRegen 0.27/turn    (no ring)
MPRegen 0.10/turn    (no ring)
                     (no ring)

%: no passive effects
@: paralysed
A: almost no armour, amphibious, 8 rings, camouflage 1, gelatinous body 1,
(nimble swimmer 1), tentacles
a: Renounce Religion


You were on level 4 of the Dungeon.
You worshipped Trog.
Trog was noncommittal.
You visited 1 branch of the dungeon, and saw 4 of its levels.

You collected 128 gold pieces.

Inventory:

Hand Weapons
 a - a +0 long sword (weapon)
Missiles
 e - 10 poisoned darts (quivered)
Armour
 b - a +1 buckler (worn)
Jewellery
 f - a ring of see invisible (left tentacle)
Wands
 l - a wand of flame (20)
Scrolls
 c - a scroll of vulnerability {unknown}
 h - a scroll of magic mapping {unknown}
 j - 2 scrolls of summoning
 n - a scroll of blinking {unknown}
Potions
 d - a potion of heal wounds
 g - a potion of flight
 i - a potion of ambrosia
 k - a potion of mutation
 m - a potion of magic {unknown}


   Skills:
 + Level 3.8 Fighting
 * Level 3.9 Long Blades
 + Level 3.9 Dodging
 + Level 3.0 Stealth
 + Level 3.8 Shields
 + Level 0.3 Evocations


You had 5 spell levels left.
You didn't know any spells.
Your spell library was empty.

Dungeon Overview and Level Annotations

Branches:
Dungeon (4/15)
 Temple: D:4-7

Altars:
Trog
Uskayaw
Wu Jian
Yredelemnul

Annotations:
D:4 Ijyb


Innate Abilities, Weirdness & Mutations

You cannot wear most types of armour.
You are amphibious.
You can wear up to eight rings at the same time.
Your skin changes colour to match your surroundings (Stealth+).
Your rubbery body absorbs attacks. (AC +1, EV +1)
((You are camouflaged when in or above water. (Stealth+)))
You have tentacles for arms and can constrict up to eight enemies at once.


Message History

Ijyb hits you with a +0 club.
You hit Ijyb. Your grab misses Ijyb.
Ijyb is moderately wounded.
You block Ijyb's attack. The black bear bites you.
You block the black bear's attack. x2
You barely miss Ijyb. You grab Ijyb.
Ijyb is moderately wounded.
You constrict Ijyb. The black bear closely misses you.
You block the black bear's attack. x2
Ijyb screams, "Die!"
Ijyb zaps a wand.
You suddenly lose the ability to move!
You lose your grip on Ijyb.
The black bear bites you. The black bear claws you. x2
Ijyb hits you with a +0 club.
Ijyb zaps a wand.
You shrug off the repeated paralysis!
The black bear bites you!
* * * LOW HITPOINT WARNING * * *
The black bear claws you.
* * * LOW HITPOINT WARNING * * *
The black bear claws you.
* * * LOW HITPOINT WARNING * * *
You can move again.
You feel much better. The black bear bites you. The black bear claws you. x2
Ijyb zaps a wand.
You shrug off the repeated paralysis!
The black bear attacks as you move away!
The black bear barely misses you. The black bear closely misses you.
The black bear claws you. Ijyb attacks as you move away! Ijyb misses you.
The black bear attacks as you move away!
The black bear misses you. The black bear completely misses you.
The black bear claws you.
Ijyb zaps a wand.
You suddenly lose the ability to move!
The black bear bites you.
* * * LOW HITPOINT WARNING * * *
The black bear claws you.
* * * LOW HITPOINT WARNING * * *
The black bear claws you.
* * * LOW HITPOINT WARNING * * *
The black bear bites you!
You die...

....##).........
.........)..##.
#####.#.#)..#
#######.#.#<###
#.......#.).(.#
# #....######.#
#.#....# ###.#
#.###.## #...#
...#@#####.###
#.#h......#
#..g#######
###.# #.# #.#
#.# ..) ...


You could see a black bear and Ijyb.

Vanquished Creatures
  A jelly (D:3)
  An orc priest (D:3)
  Terence (D:3)
  2 adders (D:2)
  8 gnolls
  2 worms
  3 dart slugs
  4 orcs (D:3)
  5 ball pythons
  5 endoplasms
  A giant cockroach (D:1)
  6 hobgoblins
  5 kobolds
  5 quokkas
  3 bats
  4 frilled lizards
  3 goblins
  5 rats
64 creatures vanquished.

Notes
Turn   | Place    | Note
-------+----------+-------------------------------------------
     0 | D:1      | Tirrikindir the Octopode Fighter began the quest for the
                  | Orb.
     0 | D:1      | Reached XP level 1. HP: 16/16 MP: 1/1
   233 | D:1      | Reached XP level 2. HP: 21/21 MP: 2/2
   278 | D:1      | Reached skill level 1 in Stealth
   305 | D:1      | Found a faded altar of an unknown god.
   803 | D:2      | Reached XP level 3. HP: 26/26 MP: 3/3
   852 | D:2      | Found a basalt altar of Yredelemnul.
   994 | D:2      | Reached XP level 4. HP: 31/31 MP: 4/4
  1742 | D:3      | Reached XP level 5. HP: 15/36 MP: 5/5
  1833 | D:3      | Noticed Terence
  1838 | D:3      | Killed Terence
  2089 | D:3      | Found a bloodstained altar of Trog.
  2089 | D:3      | Found an ornate altar of the Wu Jian Council.
  2090 | D:3      | Found a hide-covered altar of Uskayaw.
  2096 | D:3      | Became a worshipper of Trog the Wrathful
  2422 | D:4      | Reached XP level 6. HP: 42/43 MP: 6/6
  2476 | D:4      | Noticed Ijyb
  2476 | D:4      | Noticed a black bear
  2481 | D:4      | Paralysed by Ijyb for 3 turns
  2486 | D:4      | Paralysed by Ijyb for 5 turns
  2488 | D:4      | Slain by a black bear

Illustrated notes

Levels and vault maps discovered:
D:1:      roderic_crossed_star, layout_basic, hellmonk_ecumenical_altar_run_dry,
          chequers_serial_rivers_micro_a, minmay_misc_feat_tower
D:2:      layout_loops_ring, serial_forest, infiniplex_forest_lined_2,
          infiniplex_forest_lined_room_2, infiniplex_forest_end_1,
          infiniplex_forest_pool, infiniplex_forest_clump_C,
          infiniplex_forest_lined_corner, infiniplex_forest_clump_C,
          basic_altar, dreamdust_mushroom_princess
D:3:      layout_basic, gammafunk_temple_overflow_claw, uniq_terence
D:4:      layout_basic, grunt_temple_overflow_diamond,
          minmay_temple_entry_wispy, minmay_goblin_outpost,
          uniq_crazy_yiuf_cottage, uniq_menkaure, uniq_pargi, uniq_ijyb

Skill      XL: |  1  2  3  4  5  6 |
---------------+-------------------+-----
Stealth        | 1 2 3 |  3.0
Long Blades    | 3 |  3.9
Fighting       | |  3.8
Dodging        | |  3.9
Shields        | |  3.8
Evocations     | |  0.3

Action                     |  1- 3 |  4- 6 || total
---------------------------+-------+-------++-------
  Melee: Long sword        |    62 |    66 ||   128
         Constrict         |    17 |    18 ||    35
         Tentacles         |    11 |     9 ||    20
         Punch             |     1 |     4 ||     5
  Throw: Dart              |       |     1 ||     1
    Use: Scroll            |     2 |     5 ||     7
         Potion            |       |     4 ||     4
   Stab: Sleeping          |     9 |    10 ||    19
 Armour: Skin              |     4 |     3 ||     7
  Dodge: Dodged            |    18 |    39 ||    57
  Block: Buckler           |    13 |    20 ||    33
